 Dungeon Crawl Stone Soup version 0.18-a0-116-g2d311b1 (webtiles) character file.

42 Proton the Covered (level 3, 0/33 HPs)
             Began as a Deep Dwarf Fighter on Nov 17, 2015.
             Slain by Sigmund
             ... wielding a +0 scythe
              (5 damage)
             ... on level 2 of the Dungeon.
             The game lasted 00:01:44 (702 turns).

Proton the Covered (Deep Dwarf Fighter)              Turns: 702, Time: 00:01:44

Health: 0/33       AC:  8    Str: 20    XL:     3   Next: 33%
Magic:  3/3        EV:  9    Int:  8    God:
Gold:   54         SH:  0    Dex: 15    Spells: 0 memorised, 2 levels left

rFire  . . .     SeeInvis .     a - +0 war axe
rCold  . . .     Clarity  .     b - +0 scale mail
rNeg   + . .     SustAt   .     (no shield)
rPois  .         Gourm    .     p - +0 helmet
rElec  .         Spirit   .     (no cloak)
rCorr  .         Warding  .     (no gloves)
rMut   .         Stasis   .     (no boots)
MR     .....                    (no amulet)
Stlth  ..........               i - +3 ring of dexterity
                                n - ring of positive energy

@: non-regenerating, not resistant to hostile enchantments, extremely unstealthy
A: damage resistance, recharge devices, sense surroundings 1, slow regeneration
3
a: Device Recharging


You were on level 2 of the Dungeon.
You were not hungry.

You visited 1 branch of the dungeon, and saw 2 of its levels.

You collected 54 gold pieces.

Inventory:

Hand Weapons
 a - a +0 war axe (weapon)
Armour
 b - a +0 scale mail (worn)
 p - a +0 helmet (worn)
Jewellery
 i - a +3 ring of dexterity (right hand)
 n - a ring of positive energy (left hand)
Wands
 e - a wand of heal wounds (5)
Scrolls
 c - a scroll of enchant armour {unknown}
 g - a scroll of remove curse {unknown}
 h - a scroll of fear {unknown}
 j - a scroll of teleportation {unknown}
 m - a scroll of enchant weapon {unknown}
Potions
 d - a potion of might
 k - a potion of brilliance {unknown}
 l - a potion of heal wounds {unknown}
 o - a potion of haste {unknown}
Comestibles
 f - a bread ration


   Skills:
 - Level 2.6 Fighting
 * Level 3.6 Axes
 + Level 3.8 Armour
   Level 3.2 Shields


You had 2 spell levels left.
You didn't know any spells.

Dungeon Overview and Level Annotations

Branches:
Dungeon (2/15)

Altars:

Annotations:
D:2 Sigmund


Innate Abilities, Weirdness & Mutations

You are resistant to damage.
You can recharge devices by infusing magical energy.
You passively map a small area around you.
You do not regenerate naturally.


Message History

No target in view!
No target in view!
Things that are here:
a dagger; a kobold corpse Sigmund the Dreaded comes into view.
He is wielding a scythe.
Found a dagger.
Sigmund mumbles some strange words.
Sigmund flickers and vanishes!
Deactivating autopickup; reactivate with Ctrl-A.
Something hits you.
You barely miss something. You barely miss something. Something hits you.
You completely miss something. Something hits you.
You closely miss something. You barely miss something. Something hits you!
You hit something. Something hits you.
* * * LOW HITPOINT WARNING * * *
You slash something! You closely miss something. Something hits you.
You die...

, * ##..#..##.# *
, ....###.# #
*#####[#.## , , ,
#.####.# *
##.....# * ..###
#.##### *
......###.#######
, #....)....... ,
,#####@####### ,
, *#{# *
....).......... *
, ,
.#.............,
.@.####.####### *
## * #.# #.# *
#.# , ..#


There were no monsters in sight!

Vanquished Creatures
  An adder (D:2)
  An ooze (D:1)
  A worm (D:2)
  2 bats
  3 giant cockroaches (D:1)
  A hobgoblin (D:2)
  2 jackals (D:2)
  5 kobolds
  A quokka (D:2)
  3 giant newts
  6 rats
26 creatures vanquished.

Notes
Turn   | Place    | Note
--------------------------------------------------------------
     0 | D:1      | Proton the Deep Dwarf Fighter began the quest for the Orb.
     0 | D:1      | Reached XP level 1. HP: 20/20 MP: 1/1
     8 | D:1      | Noticed an elf
     8 | D:1      | Noticed an ogre
    10 | D:1      | Noticed a tengu
    15 | D:1      | Noticed a spriggan
    15 | D:1      | Noticed a ghoul
    17 | D:1      | Noticed a troll
    17 | D:1      | Noticed a human
    19 | D:1      | Noticed a vine stalker
    19 | D:1      | Noticed a centaur
    21 | D:1      | Noticed a naga
    23 | D:1      | Noticed a vampire
    23 | D:1      | Noticed a demonspawn
    25 | D:1      | Noticed a minotaur
    25 | D:1      | Noticed a felid
    27 | D:1      | Noticed a formicid
    27 | D:1      | Noticed a demigod
    29 | D:1      | Noticed a draconian
    31 | D:1      | Noticed a merfolk
    31 | D:1      | Noticed an octopode
    33 | D:1      | Noticed a gargoyle
    33 | D:1      | Noticed a dwarf
   222 | D:1      | Reached XP level 2. HP: 25/27 MP: 2/2
   580 | D:2      | Reached XP level 3. HP: 29/33 MP: 3/3
   686 | D:2      | Noticed Sigmund
   702 | D:2      | Slain by Sigmund

Vault maps used:
D:1:      kb_arrival_jail
D:2:      uniq_sigmund

Action                   || total
-------------------------++-------
Melee: War axe           ||   102
